 Dungeon Crawl Stone Soup version 0.21-a0-237-g87df72b (webtiles) character file.

203 tilp the Skirmisher (level 5, -3/47 HPs)
             Began as a Centaur Fighter on Sept 2, 2017.
             Was an Initiate of Yredelemnul.
             Killed from afar by Tungsten's ghost (11 damage)
             ... with a puff of flame
             ... on level 4 of the Dungeon.
             The game lasted 00:11:49 (2702 turns).

tilp the Skirmisher (Centaur Fighter)               Turns: 2702, Time: 00:11:50

Health: -3/47      AC:  6    Str: 20    XL:     5   Next: 51%
Magic:  5/5        EV:  5    Int:  7    God:    Yredelemnul [......]
Gold:   230        SH:  8    Dex:  8    Spells: 4/4 levels left

rFire    . . .     SeeInvis .   b - +4 hunting sling
rCold    . . .     Gourm    .   c - +0 shield
rNeg     . . .     Faith    .   k - +0 scale mail
rPois    .         Spirit   .   (no helmet)
rElec    .         Reflect  .   (no cloak)
rCorr    .         Harm     .   (no gloves)
MR       .....                  (no barding)
Stlth    ..........             (no amulet)
HPRegen  0.15/turn              (no ring)
MPRegen  0.09/turn              (no ring)

@: very quick
A: hooves 3, deformed body, speed 2, tough skin 3
a: Renounce Religion


You were on level 4 of the Dungeon.
You worshipped Yredelemnul.
Yredelemnul was noncommittal.
You were not hungry.

You visited 1 branch of the dungeon, and saw 4 of its levels.

You collected 230 gold pieces.

Inventory:

Hand Weapons
 a - a +0 flail of protection
 b - a +4 hunting sling (weapon)
 o - a cursed -1 trident
 p - a +0 shortbow
 u - a +0 short sword of venom
 v - a +0 war axe
 B - a +0 short sword of freezing
Missiles
 h - 104 stones (quivered)
Armour
 c - a +0 shield (worn)
 k - a +0 scale mail (worn)
 x - a +0 pair of boots
Jewellery
 g - a +2 ring of strength {unknown}
 j - an uncursed ring of positive energy {unknown}
Wands
 A - a wand of random effects (23/48)
Scrolls
 i - 4 scrolls of identify {unknown}
 n - 5 scrolls of teleportation {unknown}
 t - a scroll of magic mapping {unknown}
 y - a scroll of amnesia {unknown}
 z - 2 scrolls of enchant weapon {unknown}
Potions
 d - 2 potions of might
 e - 3 potions of flight {unknown}
 q - a potion of lignification {unknown}
 C - a potion of haste {unknown}
Comestibles
 f - 2 bread rations
 l - 2 royal jellies
 m - 2 chunks of flesh
 r - 2 meat rations
 s - 3 fruits


   Skills:
 * Level 4.4 Fighting
 - Level 3.0 Axes
 - Level 1.6 Slings
 + Level 2.9 Bows
 - Level 2.3 Armour
 - Level 2.3 Shields


You had 4 spell levels left.
You didn't know any spells.

Dungeon Overview and Level Annotations

Branches:
Dungeon (4/15)
 Temple: D:4-7

Altars:
Xom
Yredelemnul

Annotations:
D:4 Tungsten's ghost, amateur OgFE


Innate Abilities, Weirdness & Mutations

You have hooves in place of feet.
Armour fits poorly on your strangely shaped body.
You cover ground very quickly.
You have extremely tough skin. (AC +3)


Message History

Press: ? - help, Shift-Dir - straight line, f/p - Tungsten's ghost
Aim: Tungsten's ghost You shoot a stone.
The stone hits Tungsten's ghost!
Tungsten's ghost is moderately damaged.
Tungsten's ghost gestures at you while chanting.
The flame tongue hits you! Tungsten's ghost casts a spell at you.
The puff of flame hits you!
Firing (i - inventory):
h - 105 stones (quivered)
Press: ? - help, Shift-Dir - straight line, f/p - Tungsten's ghost
Aim: Tungsten's ghost (moderately damaged)
You shoot a stone.
The stone barely misses Tungsten's ghost.
Tungsten's ghost gestures at you while chanting.
The flame tongue hits you!
* * * LOW HITPOINT WARNING * * *
Tungsten's ghost points at you and mumbles some strange words.
The puff of flame hits you!
You die...
Your body rises from the dead as a mindless zombie.

(..........>.###...##.....
#.##########..............
# #.##.#.......#
#....#..####...
###..###..# (....#....#
####.....## ###...##
###....@# ........#
###.###.####### #.
#W....... . #=...†(## #
#.(...... .((....##
##......# #......#


You could see Tungsten's ghost.

Vanquished Creatures
  A scorpion (D:4)
  A worker ant (D:4)
  A gnoll (D:1)
  4 adders
  An ooze (D:1)
  A worm (D:4)
  3 dart slugs
  5 leopard geckos
  2 orcs (D:3)
  2 ball pythons (D:2)
  2 giant cockroaches
  5 goblins
  5 hobgoblins
  5 jackals (D:3)
  2 quokkas
  9 bats
  3 frilled lizards
  6 kobolds
  10 rats
68 creatures vanquished.

Notes
Turn   | Place    | Note
-------+----------+-------------------------------------------
     0 | D:1      | tilp the Centaur Fighter began the quest for the Orb.
     0 | D:1      | Reached XP level 1. HP: 19/19 MP: 1/1
   619 | D:1      | Reached XP level 2. HP: 26/26 MP: 2/2
   723 | D:1      | Reached skill level 1 in Slings
   801 | D:1      | Reached XP level 3. HP: 29/31 MP: 3/3
  1726 | D:2      | Reached XP level 4. HP: 38/38 MP: 4/4
  1871 | D:2      | Reached skill level 1 in Bows
  2207 | D:3      | Found a basalt altar of Yredelemnul.
  2324 | D:3      | Became a worshipper of Yredelemnul the Dark
  2343 | D:3      | Found a shimmering altar of Xom.
  2677 | D:4      | Reached skill level 4 in Fighting
  2677 | D:4      | Reached XP level 5. HP: 40/46 MP: 5/5
  2688 | D:4      | Noticed Tungsten's ghost (amateur OgFE)
  2702 | D:4      | Killed from afar by Tungsten's ghost

Vault maps used:
D:1:      kilobyte_arrival_exit_the_forest
D:2:      kennysheep_generic_room_2
D:3:      lemuel_crystal_altar, xom_butterflies, serial_glass, glass_columns_a,
          glass_columns_a
D:4:      serial_shops, shop, first_bread, uniq_robin, uniq_natasha

Skill      XL: |  1  2  3  4 |
---------------+-------------+-----
Axes           | 2 3 |  3.0
Slings         | 1 |  1.6
Bows           | 2 |  2.9
Fighting       | 4 |  4.4
Armour         | |  2.3
Shields        | |  2.3

Action                   |  1- 3 |  4- 6 || total
-------------------------+-------+-------++-------
Melee: War axe           |    59 |    11 ||    70
       Kick              |    11 |     5 ||    16
       Flail             |       |    11 ||    11
 Fire: Hunting sling     |    32 |    69 ||   101
Throw: Stone             |     2 |     2 ||     4
  Eat: Chunk             |     2 |     2 ||     4
Armor: Scale mail        |    35 |    21 ||    56
Dodge: Dodged            |    13 |     6 ||    19
Block: Shield            |    31 |    16 ||    47

Table legend:
 A = Spawn XP
 B = Non-spawn XP
 C = Spawn XP percentage of total XP
 D = Spawn monster count
 E = Non-spawn monster count
 F = Spawn count percentage of total count
 G = Total turns spent on level
                    A         B        C        D         E        F      G
               +---------+---------+-------+---------+---------+-------+---------
         Total |       9 |     282 |   3.1 |       6 |      62 |   8.8 |  2702
               +---------+---------+-------+---------+---------+-------+---------
           D:1 |       4 |      49 |   7.5 |       3 |      18 |  14.3 |  1244
           D:2 |       4 |      72 |   5.3 |       2 |      20 |   9.1 |   817
           D:3 |       1 |      53 |   1.9 |       1 |      21 |   4.5 |   585
           D:4 |       0 |     108 |   0.0 |       0 |       3 |   0.0 |    56
               +---------+---------+-------+---------+---------+-------+---------
